 Dungeon Crawl Stone Soup version 0.31-a0-435-g2c6fae2916 (webtiles) character file.

Game seed: 17733982757707105294

5 drugrobin the Sneak (level 1, -4/18 HPs)
             Began as a Demigod Delver on Aug 1, 2023.
             Killed from afar by a white imp (8 damage)
             ... with a puff of frost
             ... on level 5 of the Dungeon.
             The game lasted 00:01:09 (93 turns).

drugrobin the Sneak (Demigod Delver)                  Turns: 93, Time: 00:01:09

Health: -4/18      AC:  3    Str: 13    XL:     1   Next: 53%
Magic:  3/3        EV: 11    Int: 12    God:
Gold:   15         SH:  0    Dex: 15    Spells: 0/0 levels left

rFire   . . .        b - +3 whip
rCold   . . .        (no shield)
rNeg    . . .        i - +0 leather armour
rPois   .            (no helmet)
rElec   .            (no cloak)
rCorr   .            (no gloves)
SInv    .            (no boots)
Will    .....        (no amulet)
Stlth   +++          (no ring)
HPRegen 0.23/turn    (no ring)
MPRegen 0.08/turn

%: no passive effects
@: no status effects
A: high MP 1, forlorn, divine attributes
a: no special abilities


You were on level 5 of the Dungeon.
You visited 1 branch of the dungeon, and saw 1 of its levels.

You collected 15 gold pieces.

Inventory:

Hand Weapons
 a - a +0 hand axe
 b - a +3 whip (weapon)
Armour
 i - a +0 leather armour (worn)
Wands
 g - a wand of digging (3)
Scrolls
 c - a scroll of fog
 d - a scroll of revelation
 e - a scroll of fear
 j - a scroll of identify {unknown}
Potions
 f - a potion of haste
 h - a potion of brilliance {unknown}


   Skills:
 - Level 2.6 Fighting
 + Level 2.2 Axes
 - Level 1.7 Dodging
 - Level 4.5 Stealth


You couldn't memorise any spells.
You didn't know any spells.
Your spell library was empty.

Dungeon Overview and Level Annotations

Branches:
Dungeon (5/15)
 Temple: D:4-7


Innate Abilities, Weirdness & Mutations

You have an increased reservoir of magic. (+10% MP)
You shall have no god before yourself.
Your divine heritage dramatically boosts your attributes as you level up.


Message History

You completely miss the orc.
The orc is almost dead.
The orc hits you but does no damage.
You closely miss the orc.
The orc is almost dead.
The orc closely misses you.
You hit the orc.
You kill the orc!
Things that are here:
a +0 short sword; a quokka corpse A white imp comes into view.
The white imp shouts!
You hear a shout!
Found a lumpy clear potion.
A white imp is nearby!
Unknown command.
Unknown command.
A white imp is nearby!
Unknown command.
Unknown command.
A white imp is nearby!
Unknown command.
Found 15 gold pieces.
You start waiting.
A white imp is nearby!
You hit the white imp.
The white imp is heavily wounded.
The white imp gestures at you. The puff of frost hits you!
Ouch! That really hurt!
You hit the white imp.
The white imp is severely wounded.
The white imp hits you. The white imp freezes you.
* * * LOW HITPOINT WARNING * * *
Unknown command.
Unknown command.
You closely miss the white imp.
The white imp is severely wounded.
The white imp gestures at you. The puff of frost hits you!
You die...

....#...## ....#.# .
........ ......$.
~...##..#...# ........ ~~~
........# #...... ..~.
.5..... #.... ....# #....
##..#
~~...##...#####...###+#.
~~............@........
...##.....#####5.###.!.
#.# #.....5............
#.# #.#..#.####..##....
#.###.#..#...##..# .#.
###...#.#..#.#..#..##..#
.................)......
...........#.###...##..#
................#..##..###
..


You could see a white imp.

Vanquished Creatures
  2 orcs (D:5)
  A quokka (D:5)
3 creatures vanquished.

Notes
Turn   | Place    | Note
-------+----------+-------------------------------------------
     0 | D:5      | drugrobin the Demigod Delver began the quest for the Orb.
     0 | D:5      | Reached XP level 1. HP: 18/18 MP: 3/3
    93 | D:5      | Killed from afar by a white imp

Illustrated notes

Levels and vault maps discovered:
D:5:      layout_basic, mainiacjoe_overflow_catch_the_wave,
          minmay_temple_entry_glassed_door, solitary_fountain, uniq_ijyb,
          uniq_eustachio

Skill      XL: |  1 |
---------------+----+-----
Axes           | 2 |  2.2
Fighting       | |  2.6
Dodging        | |  1.7
Stealth        | |  4.5

Action                     || total
---------------------------++-------
  Melee: Whip              ||    13
 Armour: Leather armour    ||     5
  Dodge: Dodged            ||     4

Table legend: (Time is in decaauts)
 A = Elapsed time spent in this place.
 B = Non-inter-level travel time spent in this place.
 C = Inter-level travel time spent in this place.
 D = Time resting spent in this place.
 E = Time spent auto-exploring this place.
 F = Levels seen in this place.
 G = Mean time per level.
                   A        B        C        D        E       F      G
               +--------+--------+--------+--------+--------+-----+--------+
         Total |     93 |     85 |      8 |      5 |      2 |   1 |   93.0 |
       Dungeon |     93 |     85 |      8 |      5 |      2 |   1 |   93.0 |
               +--------+--------+--------+--------+--------+-----+--------+

Top non-repeatable levels by time:
     D:5: 93 daAuts
